 Dungeon Crawl Stone Soup version 0.20.2-3-g29329e0561 (webtiles) character file.

269 Alfie the Skirmisher (level 6, -6/53 HPs)
             Began as a Hill Orc Fighter on Jan 27, 2023.
             Splashed by a jelly's acid (8 damage)
             ... on level 2 of the Dungeon.
             The game lasted 00:03:46 (1490 turns).

Alfie the Skirmisher (Hill Orc Fighter)             Turns: 1490, Time: 00:03:47

Health: -6/53      AC:  3    Str: 21      XL:     6   Next: 22%
Magic:  6/6        EV:  8    Int:  6 (8)  God:
Gold:   61         SH:  9    Dex: 10      Spells: 5/5 levels left

rFire    . . .     SeeInvis .   a - +0 rapier
rCold    . . .     Gourm    .   c - +0 shield
rNeg     . . .     Faith    .   b - +0 scale mail
rPois    .         Spirit   .   (no helmet)
rElec    .         Reflect  .   (no cloak)
rCorr    .         Harm     .   (no gloves)
MR       .....                  (no boots)
Stlth    ..........             (no amulet)
Regen    0.2/turn               (no ring)
MPRegen  0.1/turn               (no ring)

@: corroded
A: mutation resistance 1
a: no special abilities


You were on level 2 of the Dungeon.
You were not hungry.

You visited 1 branch of the dungeon, and saw 2 of its levels.

You collected 61 gold pieces.

Inventory:

Hand Weapons
 a - a +0 rapier (weapon)
Armour
 b - a +0 scale mail (worn)
 c - a +0 shield (worn)
Jewellery
 g - an uncursed ring of positive energy {unknown}
Scrolls
 e - 2 scrolls of amnesia {unknown}
 h - a scroll of remove curse {unknown}
 k - a scroll of enchant weapon {unknown}
 l - a scroll of identify {unknown}
Potions
 d - a potion of heal wounds {unknown}
 j - a potion of mutation
 m - 2 potions of brilliance {unknown}
Comestibles
 f - 3 bread rations
 i - a royal jelly


   Skills:
 + Level 4.6 Fighting
 + Level 3.9 Short Blades
 + Level 4.3 Armour
 + Level 0.8 Dodging
 + Level 0.3 Stealth
 + Level 4.6 Shields


You had 5 spell levels left.
You didn't know any spells.

Dungeon Overview and Level Annotations

Branches:
Dungeon (2/15)

Altars:
Nemelex Xobeh


Innate Abilities, Weirdness & Mutations

You are somewhat resistant to further mutation.


Message History

You puncture the ooze!
You kill the ooze!
You barely miss the jelly. You block the jelly's attack.
You hit the jelly.
Your hands burn!
The jelly is lightly wounded.
The jelly hits you.
You are splashed with acid!
The acid burns!
* * * LOW HITPOINT WARNING * * *
You hit the jelly. The acid corrodes you!
Your hands burn!
* * * LOW HITPOINT WARNING * * *
The jelly is moderately wounded.
The jelly hits you.
* * * LOW HITPOINT WARNING * * *
You are splashed with acid!
The acid burns!
* * * LOW HITPOINT WARNING * * *
It was a potion of mutation.
You feel extremely strange.
You feel genetically stable. The jelly hits you.
* * * LOW HITPOINT WARNING * * *
You are splashed with acid!
The acid burns!
You die...

##########
#.P.÷.P.P)
######
#...J.P÷P.
#....#
#....÷..P.
#.##.####
#..J..P.÷÷
#.##.....
#.JJP.....
#........
#...J...J.
#########
#J#######
#..
##JJ@†..##
###..
########.#
#....
#....'..##
#.#..
#....####
#.###
#.......#
#.# #
#..)....#
####.###
#.......#
#.......
#.......#
###.##.###
##.....##
#...(..###


You could see 2 jellies and an ooze.

Vanquished Creatures
  Sigmund (D:2)
  A jelly (D:2)
  2 adders (D:2)
  4 oozes (D:2)
  A dart slug (D:2)
  4 bats
  A giant cockroach (D:2)
  3 goblins (D:1)
  9 hobgoblins
  3 jackals (D:2)
  14 kobolds
  A quokka (D:2)
  2 ball pythons (D:2)
  2 frilled lizards (D:2)
  4 rats
52 creatures vanquished.

Vanquished Creatures (others)
  2 fungi (D:2)
  7 toadstools (D:2)
9 creatures vanquished.

Grand Total: 61 creatures vanquished

Notes
Turn   | Place    | Note
-------+----------+-------------------------------------------
     0 | D:1      | Alfie the Hill Orc Fighter began the quest for the Orb.
     0 | D:1      | Reached XP level 1. HP: 19/19 MP: 1/1
   347 | D:1      | Reached XP level 2. HP: 27/27 MP: 2/2
   491 | D:1      | Found a sparkling altar of Nemelex Xobeh.
   853 | D:2      | Reached XP level 3. HP: 8/33 MP: 3/3
   893 | D:2      | Noticed Sigmund
   908 | D:2      | Killed Sigmund
   908 | D:2      | Reached XP level 4. HP: 27/41 MP: 4/4
   908 | D:2      | Reached XP level 5. HP: 31/47 MP: 5/5
  1466 | D:2      | Reached XP level 6. HP: 53/53 MP: 6/6
  1490 | D:2      | Gained mutation: You are somewhat resistant to further mutation. [potion of mutation]
  1490 | D:2      | HP: 2/53 [jelly (1)]
  1490 | D:2      | Splashed by a jelly's acid

Skill      XL: |  1  2  3 |
---------------+----------+-----
Fighting       | 4 |  4.6
Short Blades   | 3 |  3.9
Armour         | 4 |  4.3
Shields        | 4 |  4.6
Dodging        | |  0.8
Stealth        | |  0.3

Action                   |  1- 3 |  4- 6 || total
-------------------------+-------+-------++-------
Melee: Rapier            |    91 |    97 ||   188
  Use: Potion            |     4 |     1 ||     5
  Eat: Royal jelly       |       |     1 ||     1
Armor: Scale mail        |    32 |    25 ||    57
Dodge: Dodged            |    27 |    17 ||    44
Block: Shield            |    44 |    45 ||    89
